 Dungeon Crawl Stone Soup version 0.28-a0-1412-gf95308ed99 (webtiles) character file.

Game seed: 13450045712873988122

295 oldmanjim the Skirmisher (level 6, -3/56 HPs)
             Began as a Minotaur Fighter on Jan 6, 2022.
             Was an Initiate of Okawaru.
             Slain by a gnoll shaman (8 damage)
             ... on level 3 of the Dungeon.
             The game lasted 00:16:01 (3567 turns).

oldmanjim the Skirmisher (Minotaur Fighter)         Turns: 3567, Time: 00:16:02

Health: -3/56      AC:  7    Str: 23    XL:     6   Next: 11%
Magic:  5/5        EV:  6    Int:  5    God:    Okawaru [......]
Gold:   81         SH: 12    Dex:  9    Spells: 5/5 levels left

rFire   . . .      SeeInvis .   a - +0 war axe
rCold   . . .      Faith    .   u - +0 tower shield
rNeg    . . .      Spirit   .   j - +0 scale mail
rPois   .          Reflect  .   (helmet restricted)
rElec   .          Harm     .   (no cloak)
rCorr   .          Rampage  .   (no gloves)
Will    .....                   (no boots)
Stlth   ..........              (no amulet)
HPRegen 0.18/turn               k - ring of flight
MPRegen 0.09/turn               (no ring)

@: mighty, flying
A: horns 2, retaliatory headbutt
a: Renounce Religion


You were on level 3 of the Dungeon.
You worshipped Okawaru.
Okawaru was noncommittal.
You visited 1 branch of the dungeon, and saw 4 of its levels.

You collected 81 gold pieces.

Inventory:

Hand Weapons
 a - a +0 war axe (weapon)
 b - a +0 hunting sling
Missiles
 h - 93 stones
 i - 10 sling bullets
 m - 52 arrows
 s - 19 poisoned darts (quivered)
Armour
 c - a +0 buckler
 j - a +0 scale mail (worn)
 p - a +0 ring mail of fire resistance
 u - a +0 tower shield (worn)
Jewellery
 k - a ring of flight (left hand)
Wands
 q - a wand of polymorph (3)
Scrolls
 g - 3 scrolls of teleportation
 o - a scroll of silence
 r - a scroll of identify
 t - 2 scrolls of fear {unknown}
 v - a scroll of magic mapping {unknown}
Potions
 e - 2 potions of attraction
 f - a potion of heal wounds
 l - 2 potions of mutation
 n - 2 potions of curing
 w - a potion of ambrosia {unknown}


   Skills:
 + Level 5.5 Fighting
 + Level 4.6 Axes
 - Level 5.0 Armour
 + Level 4.7 Shields


You had 5 spell levels left.
You didn't know any spells.
Your spell library contained the following spells:

 Spells                   Type           Power      Damage    Failure   Level
 Summon Small Mammal      Summ           Unusable   N/A       N/A         1
 Call Canine Familiar     Summ           Unusable   N/A       N/A         3
 Summon Guardian Golem    Hex/Summ       Unusable   N/A       N/A         3

Dungeon Overview and Level Annotations

Branches:
Dungeon (4/15)
 Temple: D:4-7

Altars:
Okawaru
Vehumet
Xom


Innate Abilities, Weirdness & Mutations

You have a pair of horns on your head.
You reflexively headbutt those who attack you in melee.


Message History

The gnoll barely misses you.
There is a stone staircase leading up here.
You fly upwards.
There is a stone staircase leading down here.
You reach down and open the door.
The gnoll shaman calls upon its god to heal the gnoll.
The gnoll's wounds heal themselves!
There is an open door here.
You are no longer glowing.
The gnoll shaman calls upon its god to speed up the gnoll.
The gnoll seems to speed up.
The gnoll hits you but does no damage. You block the gnoll's attack.
You block the gnoll's attack.
There is an open door here.
You block the gnoll's attack. You block the gnoll's attack.
You block the gnoll's attack. The gnoll hits you with a +0 battleaxe!
The gnoll hits you with a +0 battleaxe!
* * * LOW HITPOINT WARNING * * *
You block the gnoll's attack. You block the gnoll's attack.
The gnoll barely misses you. You furiously retaliate!
You headbutt the gnoll! The gnoll hits you with a +0 battleaxe!
* * * LOW HITPOINT WARNING * * *
The gnoll shaman calls upon its god to heal the gnoll.
The gnoll is healed somewhat.
You feel very mighty all of a sudden. You block the gnoll's attack. x2
You are too injured to fight recklessly!
You slice the gnoll!!
You kill the gnoll!
Okawaru accepts your kill.
You see here a +0 battleaxe.
You barely miss the gnoll shaman.
The gnoll shaman is lightly wounded.
You block the gnoll shaman's attack.
The gnoll shaman hits you with a +0 whip!
You die...

#......#.#........#####
####.....#.###.#.........
#..#.###.#..)..'.........
#......#.#g..g.#.........
##.#.#......##.#.<.[.....
#.#.###.#####g#.........
#.#...#.# #.#.........
##.###.#.# #>'.........
#....#.#@# ###.........
####.#.#g# #.........
#.#.#.# #.........
#.#.#.# ###.........
#.#.#.# #...########
#...#.# #...# ####
#####.#####...# ##...
#.....g...# #....
#######.### #....


You could see a gnoll shaman.

Vanquished Creatures
  A scorpion (D:4)
  A water moccasin skeleton (D:4)
  Jessica (D:2)
  A hound skeleton (D:4)
  3 gnolls
  5 adders
  A worm (D:4)
  A dart slug (D:1)
  6 ball pythons
  7 endoplasms
  3 giant cockroaches
  8 goblins
  5 hobgoblins
  8 jackals
  A quokka (D:1)
  7 bats
  2 frilled lizards (D:1)
  7 kobolds
  7 rats
75 creatures vanquished.

Notes
Turn   | Place    | Note
-------+----------+-------------------------------------------
     0 | D:1      | oldmanjim the Minotaur Fighter began the quest for the Orb.
     0 | D:1      | Reached XP level 1. HP: 19/19 MP: 0/0
   137 | D:1      | Reached XP level 2. HP: 27/27 MP: 1/1
   549 | D:1      | Reached XP level 3. HP: 30/33 MP: 2/2
   599 | D:1      | Found a faded altar of an unknown god.
   981 | D:2      | Found a shimmering altar of Xom.
  1282 | D:2      | Reached XP level 4. HP: 27/41 MP: 3/3
  1501 | D:2      | Noticed Jessica
  1510 | D:2      | Killed Jessica
  2895 | D:3      | Found an iron altar of Okawaru.
  2895 | D:3      | Found a radiant altar of Vehumet.
  2900 | D:3      | Became a worshipper of Warmaster Okawaru
  3089 | D:4      | Reached skill level 5 in Fighting
  3089 | D:4      | Reached skill level 5 in Armour
  3089 | D:4      | Reached XP level 5. HP: 40/48 MP: 4/4
  3399 | D:4      | Reached XP level 6. HP: 46/56 MP: 5/5
  3567 | D:3      | Slain by a gnoll shaman

Illustrated notes

Levels and vault maps discovered:
D:1:      lightli_arrival_boilingwater, layout_rooms,
          ebering_ecumenical_altar_mist, st_stairs_10
D:2:      layout_basic, basic_altar, hangedman_decor_points, minmay_liquid_box,
          uniq_jessica
D:3:      layout_basic, gammafunk_temple_overflow_statue
D:4:      layout_basic, minmay_temple_entry_stoned_glass,
          gammafunk_ghost_nasty_kobolds, grunt_ministairs_8

Skill      XL: |  1  2  3  4 |
---------------+-------------+-----
Armour         | 4 5 |  5.0
Fighting       | 4 5 |  5.5
Shields        | 4 |  4.7
Axes           | 3 4 |  4.6

Action                   |  1- 3 |  4- 6 || total
-------------------------+-------+-------++-------
Melee: War axe           |   112 |    77 ||   189
       Headbutt          |     6 |     6 ||    12
 Fire: Hunting sling     |    13 |     7 ||    20
  Use: Scroll            |     4 |     3 ||     7
       Potion            |       |     1 ||     1
Armor: Scale mail        |    66 |    28 ||    94
Dodge: Dodged            |    55 |    29 ||    84
Block: Buckler           |    35 |     5 ||    40
       Tower shield      |       |    54 ||    54

Table legend: (Time is in decaauts)
 A = Elapsed time spent in this place.
 B = Non-inter-level travel time spent in this place.
 C = Inter-level travel time spent in this place.
 D = Time resting spent in this place.
 E = Time spent auto-exploring this place.
 F = Levels seen in this place.
 G = Mean time per level.
                   A        B        C        D        E       F      G
               +--------+--------+--------+--------+--------+-----+--------+
         Total |   3665 |   3557 |    108 |    412 |   2414 |   4 |  916.2 |
       Dungeon |   3665 |   3557 |    108 |    412 |   2414 |   4 |  916.2 |
               +--------+--------+--------+--------+--------+-----+--------+

Top non-repeatable levels by time:
     D:2: 1121 daAuts
     D:3: 1068 daAuts
     D:1: 1008 daAuts
     D:4: 466 daAuts
